 Dungeon Crawl Stone Soup version 0.31-a0-1338-gb567cfdca4 (webtiles) character file.

Game seed: 1523481478462921080

11602 AlmostDecent the Frost Mage (level 11, -13/83 HPs)
             Began as a Gnoll Ice Elementalist on Dec 20, 2023.
             Was a Follower of Vehumet.
             Mangled by a two-headed ogre
             ... wielding a +0 giant club
              (19 damage)
             ... on level 11 of the Dungeon on Dec 22, 2023.
             The game lasted 00:54:00 (11975 turns).

AlmostDecent the Frost Mage (GnIE)                 Turns: 11975, Time: 00:54:01

Health: -13/83     AC: 13    Str: 10    XL:     11   Next: 80%
Magic:  23/23      EV: 15    Int: 20    God:    Vehumet [*.....]
Gold:   1507       SH:  0    Dex: 12    Spells: 11/27 levels left

rFire   + . .        G - +9 dire flail "Eschapt" {spect, rF+ rC+ Str+3 Stlth+}
rCold   + . .        (shield currently unavailable)
rNeg    . . .        b - +0 steam dragon scales
rPois   +            x - +2 helmet {SInv}
rElec   .            n - +0 cloak
rCorr   .            z - +0 pair of gloves
SInv    +            A - +0 pair of boots
Will    .....        (no amulet)
Stlth   +++++        i - ring of wizardry
HPRegen 0.33/turn    c - ring of poison resistance
MPRegen 0.18/turn

%: wizardry (x1)
@: slowed, very slow
A: fangs 1, strong nose, distributed training
a: Renounce Religion


You were on level 11 of the Dungeon.
You worshipped Vehumet.
Vehumet was aware of your devotion.
You visited 2 branches of the dungeon, and saw 12 of its levels.

You collected 1535 gold pieces.
You spent 28 gold pieces at shops.

Inventory:

Hand Weapons
 m - a +2 quarterstaff of chaos
 p - the +2 sling "Tohetis" {elec, rCorr Int+3 SInv}
   (You found it on level 9 of the Dungeon)

   Int+3:     It affects your intelligence (+3).
   SInv:      It lets you see invisible.
   rCorr:     It protects you from acid and corrosion.
 w - the +2 shortbow of Uncomfortable Rashes {heavy, rC+ Will+ Dex+2}
   (You found it on level 5 of the Dungeon)

   Dex+2:     It affects your dexterity (+2).
   rC+:       It protects you from cold.
   Will+:     It increases your willpower.
 E - a +5 short sword
 G - the +9 dire flail "Eschapt" (weapon) {spect, rF+ rC+ Str+3 Stlth+}
   (You took it off a centaur on level 9 of the Dungeon)

   Str+3:     It affects your strength (+3).
   rF+:       It protects you from fire.
   rC+:       It protects you from cold.
   Stlth+:    It makes you more stealthy.
Armour
 a - a +0 robe
 b - +0 steam dragon scales (worn)
 n - a +0 cloak (worn)
 x - a +2 helmet of see invisible (worn)
 z - a +0 pair of gloves (worn)
 A - a +0 pair of boots (worn)
 K - the +0 scale mail of Instinct {Slay+3}
   (You found it on level 10 of the Dungeon)

   Slay+3:    It affects your accuracy & damage with ranged weapons and melee
   (+3).
 M - a +1 robe of cold resistance
Jewellery
 c - a ring of poison resistance (right hand)
 i - a ring of wizardry (left hand)
 q - a +6 ring of strength
 u - a ring of willpower
 D - a ring of magical power
 L - a ring of ice
Wands
 g - a wand of flame (57)
 r - a wand of digging (5)
 v - a wand of mindburst (17)
 B - a wand of paralysis (8)
Scrolls
 d - a scroll of amnesia
 e - 2 scrolls of blinking
 h - 5 scrolls of noise
 o - 3 scrolls of enchant armour
 s - a scroll of fear
 y - 3 scrolls of teleportation
 C - a scroll of enchant weapon {unknown}
 F - a scroll of identify
 H - a scroll of fog {unknown}
 J - a scroll of brand weapon {unknown}
Potions
 f - a potion of resistance
 j - a potion of cancellation
 k - a potion of enlightenment
 t - 2 potions of lignification {unknown}
 I - a potion of ambrosia {unknown}


   Skills:
 + Level 6.9 Fighting
 + Level 6.9 Short Blades
 + Level 6.9 Long Blades
 + Level 6.9 Axes
 + Level 6.9 Maces & Flails
 + Level 6.9 Polearms
 + Level 6.9 Staves
 + Level 6.9 Ranged Weapons
 + Level 6.9 Throwing
 + Level 6.9 Armour
 + Level 8.3 Dodging
 + Level 8.1 Stealth
 + Level 6.9 Shields
 + Level 6.9 Unarmed Combat
 + Level 8.6 Spellcasting
 + Level 5.7 Conjurations
 + Level 5.7 Hexes
 + Level 5.7 Summonings
 + Level 5.7 Necromancy
 + Level 5.7 Translocations
 + Level 5.7 Fire Magic
 + Level 9.2 Ice Magic
 + Level 5.7 Air Magic
 + Level 5.7 Earth Magic
 + Level 5.7 Alchemy
 + Level 7.5 Invocations
 + Level 6.9 Evocations
 + Level 6.2 Shapeshifting


You had 11 spell levels left.
You knew the following spells:

 Your Spells              Type           Power      Damage    Failure   Level
a - Freeze                Ice            100%       1d10      1%          1
b - Frozen Ramparts       Ice            90%        1d14      1%          3
c - Ozocubu's Armour      Ice            45%        N/A       1%          3
d - Summon Ice Beast      Ice/Summ       38%        N/A       1%          4
e - Summon Lightning Spi  Summ/Air       31%        N/A       3%          4
f - Sandblast             Erth           62%        2d14      1%          1

Your spell library contained the following spells:

 Spells                   Type           Power      Damage    Failure   Level
 Summon Small Mammal      Summ           100%       N/A       1%          1
 Blink                    Tloc           62%        N/A       1%          2
 Lesser Beckoning         Tloc           62%        N/A       1%          2
 Momentum Strike          Conj/Tloc      62%        3d9       1%          2
 Scorch                   Fire           62%        2d7       1%          2
 Static Discharge         Conj/Air       62%        3-6/arc   1%          2
 Call Canine Familiar     Summ           31%        N/A       1%          3
 Summon Guardian Golem    Hex/Summ       31%        N/A       1%          3
 Airstrike                Air            15%        2d(3-19)  3%          4
 Flame Wave               Conj/Fire      31%        2d9       3%          4
 Metabolic Englaciation   Hex/Ice        19%        N/A       4%          5
 Simulacrum               Ice/Necr       19%        N/A       22%         6
 Summon Cactus Giant      Summ           15%        N/A       41%         6


Dungeon Overview and Level Annotations

Branches:
Dungeon (11/15)            Temple (1/1) D:6            Lair (0/5) D:8
    Orc: D:9-12

Altars:
Ashenzari
Cheibriados
Dithmenos
Elyvilon
Fedhas
Gozag
Hepliaklqana
Kikubaaqudgha
Makhleb
Nemelex Xobeh
Okawaru
Qazlal
Ru
Sif Muna
Trog
Uskayaw
Vehumet
Wu Jian
Xom
Yredelemnul
Zin
The Shining One

Shops:
D:2 ?   D:8 !


Innate Abilities, Weirdness & Mutations

You have very sharp teeth.
Your uncanny sense of smell can sniff out nearby items.
Your experience applies equally to all skills.


Message History

* * * LOW HITPOINT WARNING * * *
The wraith misses you.
A centaur comes into view.
The shadow hits your +9 dire flail "Eschapt" {spect, rF+ rC+ Str+3 Stlth+}.
Your spectral weapon shares its damage with you!
* * * LOW HITPOINT WARNING * * *
You hit the two-headed ogre.
The two-headed ogre is moderately wounded.
Your +9 dire flail "Eschapt" {spect, rF+ rC+ Str+3 Stlth+} hits the two-headed ogre.
The sentinel's mark upon you fades away.
The centaur unwields a +0 orcbow.
The centaur barely misses your +9 dire flail "Eschapt" {spect, rF+ rC+ Str+3 Stlth+}.
The centaur kicks your +9 dire flail "Eschapt" {spect, rF+ rC+ Str+3 Stlth+} but does no damage.
The wraith hits you but does no damage.
The two-headed ogre closely misses you. x2
A centaur comes into view.
The shadow barely misses your +9 dire flail "Eschapt" {spect, rF+ rC+ Str+3 Stlth+}.
The wraith hits you.
* * * LOW HITPOINT WARNING * * *
The wraith drains your vigour!
You feel as though you will be slow longer.
The centaur closely misses your +9 dire flail "Eschapt" {spect, rF+ rC+ Str+3 Stlth+}. x2
You sock the two-headed ogre!
The two-headed ogre is heavily wounded.
Your +9 dire flail "Eschapt" {spect, rF+ rC+ Str+3 Stlth+} hits the two-headed ogre.
The centaur hits your +9 dire flail "Eschapt" {spect, rF+ rC+ Str+3 Stlth+} but does no damage.
The centaur kicks your +9 dire flail "Eschapt" {spect, rF+ rC+ Str+3 Stlth+} but does no damage.
A centaur comes into view.
The two-headed ogre hits you with a +0 giant club.
* * * LOW HITPOINT WARNING * * *
The two-headed ogre hits you but does no damage.
The shadow hits your +9 dire flail "Eschapt" {spect, rF+ rC+ Str+3 Stlth+}!
Your spectral weapon shares its damage with you!
* * * LOW HITPOINT WARNING * * *
The wraith hits you but does no damage.
You feel better.
Your +9 dire flail "Eschapt" {spect, rF+ rC+ Str+3 Stlth+} disappears.
The centaur barely misses you. The centaur closely misses you.
The wraith misses you.
The two-headed ogre hits you with a +0 giant club!!
You die...

#.####... #.#
........###.#####
......#.†.......#
....$.†.).......#
.....##)........#
....V##.........#
$.....W.........#
..c.c.cW........#
#####cO@........#
#..#.........#
#....#>.†......#
......####....###
#...^. #...<#
^.### #....# .#
###.## #.# #.#


You could see a two-headed ogre, a vampire (invisible), a wraith, a shadow and 4
centaurs.

Vanquished Creatures
  Fannar (D:10)
  Erolcha (D:10)
  4 two-headed ogres
  A boulder beetle (D:11)
  An ugly thing (D:11)
  Grinder (D:3)
  Prince Ribbit (D:6)
  2 hornets
  Sigmund (D:2)
  4 yaks (D:9)
  A wraith (D:9)
  A steam dragon (D:10)
  7 vampire mosquitoes
  Menkaure (D:5)
  4 acid dragons
  A water moccasin (D:5)
  3 ice beasts
  3 orc warriors
  A black bear (D:6)
  A sky beast (D:7)
  3 ogres (D:6)
  8 centaurs
  3 phantoms
  A kobold brigand (D:10)
  3 bullfrogs
  2 scorpions
  A gnoll sergeant (D:7)
  2 wights (D:9)
  A killer bee (D:8)
  5 howler monkeys
  5 electric eels (D:8)
  A hound (D:5)
  A jelly (D:6)
  A gnoll bouda (D:6)
  2 orc priests
  A sleepcap (D:7)
  Crazy Yiuf (D:2)
  Terence (D:2)
  3 iguanas
  Natasha (thrice) (D:3)
  9 orc wizards
  Robin (D:3)
  5 gnolls
  2 adders (D:2)
  A shadow imp (D:8)
  3 white imps
  3 worms
  3 dart slugs
  30 orcs
  8 endoplasms
  3 giant cockroaches
  9 hobgoblins
  7 jackals
  12 kobolds
  A quokka (D:2)
  11 ball pythons
  A bat (D:3)
  2 frilled lizards
  11 goblins
  2 rats (D:1)
212 creatures vanquished.

Vanquished Creatures (collateral kills)
  The ghost of variable76 the Chopper, an amateur MiFi (D:7)
  A wight (D:9)
  2 gnolls (D:6)
  2 white imps (D:7)
6 creatures vanquished.

Grand Total: 218 creatures vanquished

Notes
Turn   | Place    | Note
-------+----------+-------------------------------------------
     0 | D:1      | AlmostDecent the Gnoll Ice Elementalist began the quest for
                  | the Orb.
     0 | D:1      | Reached XP level 1. HP: 13/13 MP: 6/6
   125 | D:1      | Reached XP level 2. HP: 19/19 MP: 1/7
   328 | D:1      | Reached skill level 5 in Spellcasting
   328 | D:1      | Reached XP level 3. HP: 25/25 MP: 4/9
   332 | D:1      | Learned a level 3 spell: Frozen Ramparts
   336 | D:1      | Learned a level 3 spell: Ozocubu's Armour
   756 | D:1      | Reached skill level 1 in Invocations
   805 | D:2      | Noticed Terence
   808 | D:2      | Killed Terence
   809 | D:2      | Reached skill level 1 in Fighting
   809 | D:2      | Reached skill level 1 in Short Blades
   809 | D:2      | Reached skill level 1 in Long Blades
   809 | D:2      | Reached skill level 1 in Axes
   809 | D:2      | Reached skill level 1 in Maces & Flails
   809 | D:2      | Reached skill level 1 in Polearms
   809 | D:2      | Reached skill level 1 in Staves
   809 | D:2      | Reached skill level 1 in Ranged Weapons
   809 | D:2      | Reached skill level 1 in Throwing
   809 | D:2      | Reached skill level 1 in Armour
   809 | D:2      | Reached skill level 1 in Shields
   809 | D:2      | Reached skill level 1 in Unarmed Combat
   809 | D:2      | Reached skill level 1 in Evocations
   809 | D:2      | Reached skill level 1 in Shapeshifting
   809 | D:2      | Reached XP level 4. HP: 32/32 MP: 6/11
  1264 | D:2      | Reached skill level 1 in Conjurations
  1264 | D:2      | Reached skill level 1 in Hexes
  1264 | D:2      | Reached skill level 1 in Summonings
  1264 | D:2      | Reached skill level 1 in Necromancy
  1264 | D:2      | Reached skill level 1 in Translocations
  1264 | D:2      | Reached skill level 1 in Fire Magic
  1264 | D:2      | Reached skill level 1 in Air Magic
  1264 | D:2      | Reached skill level 1 in Earth Magic
  1264 | D:2      | Reached skill level 1 in Alchemy
  1554 | D:2      | Found a runed translucent door.
  1555 | D:2      | Noticed Crazy Yiuf
  1627 | D:2      | Found Iqemirom's Magic Scroll Shop.
  1630 | D:2      | Bought a scroll of identify for 28 gold pieces
  1934 | D:2      | Noticed Sigmund
  1944 | D:2      | Killed Sigmund
  1945 | D:2      | Reached skill level 5 in Dodging
  1945 | D:2      | Reached XP level 5. HP: 15/38 MP: 6/12
  1945 | D:2      | Reached XP level 6. HP: 17/44 MP: 7/14
  2113 | D:2      | Killed Crazy Yiuf
  2236 | D:3      | Noticed Grinder
  2243 | D:3      | Paralysed by Grinder for 2 turns
  2255 | D:3      | Killed Grinder
  2256 | D:3      | Reached XP level 7. HP: 31/51 MP: 10/15
  2697 | D:3      | Found an ancient bone altar of Kikubaaqudgha.
  2697 | D:3      | Noticed Robin
  2726 | D:3      | Killed Robin
  2896 | D:3      | Noticed Natasha
  2901 | D:3      | Killed Natasha
  2986 | D:3      | Found a faded altar of an unknown god.
  3143 | D:3      | Noticed Natasha
  3146 | D:3      | Killed Natasha
  3279 | D:3      | Noticed Natasha
  3283 | D:3      | Killed Natasha
  3350 | D:4      | Found a blossoming altar of Fedhas.
  3436 | D:4      | Reached skill level 5 in Stealth
  3929 | D:5      | Entered Level 5 of the Dungeon
  3936 | D:5      | Found an iron altar of Okawaru.
  4051 | D:5      | Found a glowing silver altar of Zin.
  4059 | D:5      | Reached XP level 8. HP: 20/58 MP: 16/16
  4233 | D:5      | Identified the +2 shortbow of Uncomfortable Rashes {heavy,
                  | rC+ Will+ Dex+2}
  4251 | D:5      | Noticed Menkaure
  4289 | D:5      | Killed Menkaure
  4850 | D:6      | Noticed Prince Ribbit
  4867 | D:6      | Killed Prince Ribbit
  4914 | D:6      | Reached XP level 9. HP: 30/65 MP: 10/18
  5366 | D:6      | Reached skill level 8 in Ice Magic
  5472 | D:6      | Found a staircase to the Ecumenical Temple.
  5514 | Temple   | Entered the Ecumenical Temple
  5532 | Temple   | Became a worshipper of Vehumet
  5560 | D:6      | Learned a level 4 spell: Summon Ice Beast
  5824 | D:6      | Found a white marble altar of Elyvilon.
  5922 | D:7      | Reached skill level 5 in Invocations
  6189 | D:7      | HP: 2/66 [white imp/puff of frost (7)]
  6393 | D:7      | Learned a level 4 spell: Summon Lightning Spire
  6422 | D:7      | Found a stormy altar of Qazlal.
  6637 | D:7      | Found a large runed translucent door.
  6638 | D:7      | Found a large runed translucent door.
  6639 | D:7      | Noticed variable76's ghost (amateur MiFi)
  6876 | D:7      | Killed variable76's ghost
  7018 | D:8      | Found Gocw's Distillery.
  7146 | D:8      | Noticed a two-headed ogre
  7185 | D:8      | Killed a two-headed ogre
  7186 | D:8      | Reached skill level 5 in Fighting
  7186 | D:8      | Reached skill level 5 in Short Blades
  7186 | D:8      | Reached skill level 5 in Long Blades
  7186 | D:8      | Reached skill level 5 in Axes
  7186 | D:8      | Reached skill level 5 in Maces & Flails
  7186 | D:8      | Reached skill level 5 in Polearms
  7186 | D:8      | Reached skill level 5 in Staves
  7186 | D:8      | Reached skill level 5 in Ranged Weapons
  7186 | D:8      | Reached skill level 5 in Throwing
  7186 | D:8      | Reached skill level 5 in Armour
  7186 | D:8      | Reached skill level 5 in Shields
  7186 | D:8      | Reached skill level 5 in Unarmed Combat
  7186 | D:8      | Reached skill level 5 in Evocations
  7186 | D:8      | Reached XP level 10. HP: 74/74 MP: 20/20
  7786 | D:8      | Found a glowing golden altar of the Shining One.
  7967 | D:8      | Found a staircase to the Lair.
  8260 | D:8      | Found a hide-covered altar of Uskayaw.
  8466 | D:8      | Reached skill level 5 in Shapeshifting
  8618 | D:8      | Found a shimmering altar of Xom.
  9235 | D:9      | Reached * piety under Vehumet
  9235 | D:9      | Offered knowledge of Sandblast by Vehumet.
  9240 | D:9      | Learned a level 1 spell: Sandblast
  9276 | D:9      | Identified the +9 dire flail "Eschapt" {spect, rF+ rC+
                  | Str+3 Stlth+}
 10131 | D:9      | Identified the +2 sling "Tohetis" {elec, rCorr Int+3 SInv}
 10133 | D:9      | Identified a scroll of acquirement
 10133 | D:9      | Acquired 890 gold pieces
 10320 | D:10     | Entered Level 10 of the Dungeon
 10324 | D:10     | Noticed Erolcha
 10353 | D:10     | Killed Erolcha
 10354 | D:10     | Reached skill level 5 in Conjurations
 10354 | D:10     | Reached skill level 5 in Hexes
 10354 | D:10     | Reached skill level 5 in Summonings
 10354 | D:10     | Reached skill level 5 in Necromancy
 10354 | D:10     | Reached skill level 5 in Translocations
 10354 | D:10     | Reached skill level 5 in Fire Magic
 10354 | D:10     | Reached skill level 5 in Air Magic
 10354 | D:10     | Reached skill level 5 in Earth Magic
 10354 | D:10     | Reached skill level 5 in Alchemy
 10354 | D:10     | Reached XP level 11. HP: 77/81 MP: 5/23
 10663 | D:10     | Noticed a two-headed ogre
 10670 | D:10     | Killed a two-headed ogre
 11025 | D:10     | Noticed a two-headed ogre
 11026 | D:10     | Noticed a skeletal warrior
 11187 | D:10     | Noticed Fannar
 11438 | D:10     | Upgraded the game from 0.31-a0-1321-g5021b54cb2 to
                  | 0.31-a0-1338-gb567cfdca4
 11493 | D:10     | Identified the +0 scale mail of Instinct {Slay+3}
 11556 | D:10     | Reached skill level 9 in Ice Magic
 11801 | D:10     | Killed Fannar
 11902 | D:11     | Noticed a boulder beetle
 11913 | D:11     | Killed a boulder beetle
 11949 | D:11     | Noticed a cyan ugly thing
 11954 | D:11     | Noticed a two-headed ogre
 11959 | D:11     | Noticed a two-headed ogre
 11960 | D:11     | Killed a two-headed ogre
 11963 | D:11     | Killed a cyan ugly thing
 11966 | D:11     | Killed a two-headed ogre
 11967 | D:11     | Noticed a two-headed ogre
 11974 | D:11     | HP: 1/83 [shadow (6)]
 11975 | D:11     | Mangled by a two-headed ogre

Illustrated notes

Levels and vault maps discovered:
D:1:      dpeg_arrival_chambers_temple_mockup, layout_rooms, minmay_pentomino_p4
D:2:      layout_loops_corners, serial_shops, nicolae_shop_behind_doors,
          grunt_decor_fettered, uniq_terence, uniq_crazy_yiuf_cottage,
          uniq_sigmund
D:3:      layout_loops_ring, mainiacjoe_overflow_alcove_4,
          hellmonk_ecumenical_altar_inner_sanctum, uniq_natasha, uniq_robin,
          uniq_grinder
D:4:      layout_rooms, fedhas_altar_decomposition, nicolae_the_louvre
D:5:      layout_gridville, okawaru_trees_1, mainiacjoe_overflow_24_doors,
          uniq_menkaure
D:6:      layout_rooms, nicolae_elyvilon_temple_path, minmay_temple_entry_ruins,
          uniq_prince_ribbit1
D:7:      layout_rooms, lemuel_doored_altar, ebering_ghost_disaster_area
D:8:      layout_layer_cave, xom_teletrap_fun, eat_drink_and_be_merry_uskayaw,
          marbit_many_paths, lair_entry_dummy, serial_shops,
          nicolae_stop_n_shop_1, skrybe_limestone_x, minmay_splitting_lines,
          chequers_big_river, kennysheep_cross_bottleneck
D:9:      layout_basic, nrook_mini_backslash
D:10:     layout_rooms, serial_co_window_serial, co_window_cross_1,
          co_window_corner_a, co_window_paths_a, co_window_corner_a,
          co_window_paths_b, co_window_paths_a, co_window_of_opportunity_a,
          co_window_corner_a, co_window_corner_a, co_window_corner_b,
          co_window_broadway_a, co_window_broadway_c, co_window_4corner_a,
          co_window_4corner_b, glass_columns_a, grunt_tough_drop, uniq_erolcha,
          uniq_fannar
D:11:     layout_rooms, orc_0_dummy
Temple:   nicolae_temple_ecumenical_triangle

Skill      XL: |  1  2  3  4  5  6  7  8  9 10 11 |
---------------+----------------------------------+-----
Spellcasting   | 5 6 7 8 |  8.6
Invocations    | 1 2 3 4 5 6 7 |  7.5
Fighting       | 1 2 3 5 6 |  6.9
Short Blades   | 1 2 3 5 6 |  6.9
Long Blades    | 1 2 3 5 6 |  6.9
Axes           | 1 2 3 5 6 |  6.9
Maces & Flails | 1 2 3 5 6 |  6.9
Polearms       | 1 2 3 5 6 |  6.9
Staves         | 1 2 3 5 6 |  6.9
Ranged Weapons | 1 2 3 5 6 |  6.9
Throwing       | 1 2 3 5 6 |  6.9
Armour         | 1 2 3 5 6 |  6.9
Shields        | 1 2 3 5 6 |  6.9
Unarmed Combat | 1 2 3 5 6 |  6.9
Evocations     | 1 2 3 5 6 |  6.9
Shapeshifting  | 1 2 3 4 5 6 |  6.2
Conjurations   | 1 2 3 4 5 |  5.7
Hexes          | 1 2 3 4 5 |  5.7
Summonings     | 1 2 3 4 5 |  5.7
Necromancy     | 1 2 3 4 5 |  5.7
Translocations | 1 2 3 4 5 |  5.7
Fire Magic     | 1 2 3 4 5 |  5.7
Air Magic      | 1 2 3 4 5 |  5.7
Earth Magic    | 1 2 3 4 5 |  5.7
Alchemy        | 1 2 3 4 5 |  5.7
Dodging        | 5 6 7 8 |  8.3
Stealth        | 5 6 7 8 |  8.1
Ice Magic      | 8 9 |  9.2

Action                     |  1- 3 |  4- 6 |  7- 9 | 10-12 || total
---------------------------+-------+-------+-------+-------++-------
  Melee: Quarterstaff      |       |    10 |   211 |       ||   221
         Bite              |       |     1 |    25 |    20 ||    46
         Dire flail        |       |       |       |    96 ||    96
   Fire: Shortbow          |       |       |    52 |    71 ||   123
   Cast: Freeze            |    21 |    12 |    14 |       ||    47
         Frozen Ramparts   |     5 |    14 |    36 |    20 ||    75
         Ozocubu's Armour  |       |       |     6 |     4 ||    10
         Summon Ice Beast  |       |       |     3 |     3 ||     6
         Summon Lightning  |       |       |     2 |    10 ||    12
         Sandblast         |       |       |       |     8 ||     8
    Use: Scroll            |       |       |     7 |    15 ||    22
         Potion            |       |       |     3 |     3 ||     6
   Stab: Sleeping          |       |       |    10 |     1 ||    11
         Paralysed         |       |       |     2 |       ||     2
         Distracted        |       |       |     1 |       ||     1
 Armour: Robe              |     4 |    12 |   159 |    94 ||   269
         Steam dragon scal |       |       |       |    41 ||    41
  Dodge: Dodged            |     9 |     7 |   189 |   105 ||   310

Table legend: (Time is in decaauts)
 A = Elapsed time spent in this place.
 B = Non-inter-level travel time spent in this place.
 C = Inter-level travel time spent in this place.
 D = Time resting spent in this place.
 E = Time spent auto-exploring this place.
 F = Levels seen in this place.
 G = Mean time per level.
                   A        B        C        D        E       F      G
               +--------+--------+--------+--------+--------+-----+--------+
         Total |  12109 |  11583 |    526 |    152 |   9451 |  12 | 1009.1 |
       Dungeon |  12073 |  11547 |    526 |    152 |   9451 |  11 | 1097.5 |
        Temple |     35 |     35 |      0 |      0 |      0 |   1 |   35.0 |
               +--------+--------+--------+--------+--------+-----+--------+

Top non-repeatable levels by time:
     D:8: 1993 daAuts
    D:10: 1582 daAuts
     D:2: 1447 daAuts
     D:9: 1383 daAuts
     D:5: 1096 daAuts
     D:6: 1076 daAuts
     D:3: 1060 daAuts
     D:7: 926 daAuts
     D:1: 787 daAuts
     D:4: 643 daAuts
    D:11: 74 daAuts
  Temple: 35 daAuts
